 Dungeon Crawl Stone Soup version 0.28-a0-1524-ge72afd5fc6 (webtiles) character file.

Game seed: 13617832690295746006

575 bastard the Slasher (level 7, -4/49 HPs)
             Began as a Djinni Gladiator on Jan 17, 2022.
             Slain by a gnoll (5 damage)
             ... on level 4 of the Dungeon.
             The game lasted 00:04:13 (4365 turns).

bastard the Slasher (Djinni Gladiator)              Turns: 4365, Time: 00:04:14

Health: -4/49      AC: 11    Str: 13    XL:     7   Next: 61%
Gold:   168        EV:  6    Int: 10    God:
                   SH:  0    Dex: 16

rFire   + + .      SeeInvis .   a - +0 long sword (vorpal)
rCold   x . .      Faith    .   (no shield)
rNeg    . . .      Spirit   .   g - +0 storm dragon scales
rPois   ∞          Reflect  .   c - +0 helmet
rElec   +          Harm     .   (no cloak)
rCorr   .          Rampage  .   (no gloves)
Will    .....                   (boots unavailable)
Stlth   ..........              (no amulet)
HPRegen 0.16/turn               (no ring)
MPRegen 0.00/turn               (no ring)

@: flying
A: sickness immunity, fire resistance 2, cold vulnerability 1, float, innate
caster, hp casting, extra vitality 1
a: no special abilities


You were on level 4 of the Dungeon.
You visited 1 branch of the dungeon, and saw 4 of its levels.

You collected 168 gold pieces.

Inventory:

Hand Weapons
 a - a +0 vorpal long sword (weapon)
Missiles
 d - 3 throwing nets (quivered)
Armour
 c - a +0 helmet (worn)
 g - +0 storm dragon scales (worn)
Scrolls
 b - a scroll of blinking
 e - a scroll of fog
Potions
 f - 3 potions of curing {unknown}
 h - a potion of might {unknown}


   Skills:
 - Level 2.0 Fighting
 + Level 7.5 Long Blades
 - Level 1.5 Throwing
 - Level 3.2 Dodging


You couldn't memorise any spells.
You knew the following spells:

 Your Spells              Type           Power      Damage    Failure   Level
a - Freeze                Ice            0%         1d3       100%        1
b - Wereblood             Tmut           0%         N/A       100%        2
c - Inner Flame           Hex/Fire       0%         N/A       100%        3
Your spell library was empty.


Dungeon Overview and Level Annotations

Branches:
Dungeon (4/15)
 Temple: D:4-7

Altars:
Xom

Shops:
D:3 [


Innate Abilities, Weirdness & Mutations

You are immune to sickness and miasma.
You are immune to poison.
Your flesh is very heat resistant. (rF++)
You are vulnerable to cold. (rC-)
You float through the air rather than walking.
You learn spells naturally, not from books.
Your magical power is your life essence.
You have superior vitality. (+4 MHP)


Message History

You hit the necrophage.
The necrophage is almost destroyed.
The necrophage hits you but does no damage.
The gnoll hits you but does no damage.
You hit the necrophage.
You destroy the necrophage!
The gnoll barely misses you.
You hit the gnoll.
The gnoll is lightly wounded.
The gnoll hits you with a +0 whip.
* * * LOW HITPOINT WARNING * * *
You barely miss the gnoll.
The gnoll is lightly wounded.
The gnoll hits you but does no damage.
You hit the gnoll but do no damage.
The gnoll is lightly wounded.
The gnoll hits you but does no damage.
You hit the gnoll.
The gnoll is heavily wounded.
The gnoll barely misses you.
You hit the gnoll but do no damage.
The gnoll is heavily wounded.
The gnoll hits you with a +0 whip.
* * * LOW HITPOINT WARNING * * *
You hit the gnoll.
The gnoll is severely wounded.
The gnoll hits you with a +0 whip.
* * * LOW HITPOINT WARNING * * *
Okay, then.
Okay, then.
You hit the gnoll but do no damage.
The gnoll is severely wounded.
The gnoll hits you but does no damage.
You hit the gnoll.
The gnoll is almost dead.
The gnoll completely misses you. The gnoll hits you but does no damage.
You hit the gnoll but do no damage.
The gnoll is almost dead.
The gnoll hits you with a +0 whip.
You die...

#..# #..# #........
#..#####........
#...................g...
######..).........) .........
.................. ........$
................#####........
......>............##......
..............)g@..##....#...
........[..................S.
..#.........###.......## ..
..#.........# #.......#....
............###...).........
............................
..................#.........
..................#.........
..................#...#.....


You could see a gnoll.

Vanquished Creatures
  A necrophage (D:4)
  A scorpion (D:4)
  4 crimson imps (D:3)
  A bullfrog zombie (D:4)
  A gnoll shaman (D:3)
  A hound skeleton (D:4)
  7 gnolls
  5 adders
  An adder skeleton (D:4)
  3 worms
  3 dart slugs
  5 orcs
  7 ball pythons
  9 bats
  7 endoplasms
  4 giant cockroaches
  5 goblins
  5 hobgoblins
  8 jackals
  3 quokkas
  6 kobolds
  4 rats
  A spectral goblin (D:1)
92 creatures vanquished.

Vanquished Creatures (others)
  5 toadstools (D:1)
5 creatures vanquished.

Grand Total: 97 creatures vanquished

Notes
Turn   | Place    | Note
-------+----------+-------------------------------------------
     0 | D:1      | bastard the Djinni Gladiator began the quest for the Orb.
     0 | D:1      | Reached XP level 1. HP: 18/18 MP: 0/0
    55 | D:1      | Found a faded altar of an unknown god.
    60 | D:1      | Reached skill level 3 in Long Blades
    93 | D:1      | Reached XP level 2. HP: 17/23 MP: 0/0
   304 | D:1      | Reached XP level 3. HP: 24/28 MP: 0/0
   304 | D:1      | Learned a level 1 spell: Freeze
   681 | D:1      | Reached skill level 4 in Long Blades
  1023 | D:2      | Reached XP level 4. HP: 21/33 MP: 0/0
  2382 | D:3      | Found Exakkato's Armour Boutique.
  2417 | D:3      | Reached XP level 5. HP: 33/38 MP: 0/0
  2417 | D:3      | Learned a level 2 spell: Wereblood
  2923 | D:3      | Reached skill level 5 in Long Blades
  2952 | D:3      | Found a shimmering altar of Xom.
  2973 | D:3      | Reached XP level 6. HP: 38/43 MP: 0/0
  3049 | D:3      | Reached skill level 6 in Long Blades
  3867 | D:3      | Reached XP level 7. HP: 46/49 MP: 0/0
  3867 | D:3      | Learned a level 3 spell: Inner Flame
  4130 | D:4      | Reached skill level 7 in Long Blades
  4362 | D:4      | HP: 1/49 [gnoll (6)]
  4365 | D:4      | Slain by a gnoll

Illustrated notes

Levels and vault maps discovered:
D:1:      ldierk_walled_garden, layout_rooms,
          dreamdust_ecumenical_altar_drowned_temple
D:2:      layout_basic, st_stairs_10
D:3:      layout_loops_ring, led_xom_imps, serial_shops,
          nicolae_shop_statue_plus
D:4:      layout_basic, serial_shops, shop, nicolae_wormholes

Skill      XL: |  1  2  3  4  5  6  7 |
---------------+----------------------+-----
Long Blades    | 3 4 5 6 7 |  7.5
Fighting       | |  2.0
Throwing       | |  1.5
Dodging        | |  3.2

Action                   |  1- 3 |  4- 6 |  7- 9 || total
-------------------------+-------+-------+-------++-------
Melee: Long sword        |   113 |   184 |    69 ||   366
       Punch             |     1 |     2 |       ||     3
  Use: Scroll            |     3 |     3 |       ||     6
 Stab: Sleeping          |       |     1 |       ||     1
Armor: Leather armour    |    57 |    35 |       ||    92
       Storm dragon scal |       |    93 |    63 ||   156
Dodge: Dodged            |   102 |   104 |    21 ||   227

Table legend: (Time is in decaauts)
 A = Elapsed time spent in this place.
 B = Non-inter-level travel time spent in this place.
 C = Inter-level travel time spent in this place.
 D = Time resting spent in this place.
 E = Time spent auto-exploring this place.
 F = Levels seen in this place.
 G = Mean time per level.
                   A        B        C        D        E       F      G
               +--------+--------+--------+--------+--------+-----+--------+
         Total |   4425 |   4248 |    177 |      0 |   3448 |   4 | 1106.2 |
       Dungeon |   4425 |   4248 |    177 |      0 |   3448 |   4 | 1106.2 |
               +--------+--------+--------+--------+--------+-----+--------+

Top non-repeatable levels by time:
     D:2: 1747 daAuts
     D:3: 1503 daAuts
     D:1: 849 daAuts
     D:4: 325 daAuts
